 Dungeon Crawl Stone Soup version 0.30.1-3-gfc49f6343a (webtiles) character file.

Game seed: 11271665511645605958

824 croobank the Ducker (level 7, -2/51 HPs)
             Began as an Octopode Monk on July 20, 2023.
             Was an Initiate of Gozag.
             Slain by a gnoll
             ... wielding a +0 spear
              (7 damage)
             ... on level 5 of the Dungeon.
             The game lasted 00:10:59 (3760 turns).

croobank the Ducker (Octopode Monk)                 Turns: 3760, Time: 00:10:59

Health: -2/51      AC:  1    Str: 11    XL:     7   Next: 96%
Magic:  5/7        EV:  8    Int: 20    God:    Gozag
Gold:   283        SH:  0    Dex: 14    Spells: 5/6 levels left

rFire   . . .        g - +2 short sword (speed)
rCold   . . .        (no shield)
rNeg    . . .        (helmet restricted)
rPois   .            (no amulet)
rElec   .            t - +6 ring of intelligence
rCorr   .            (no ring)
SInv    .            (no ring)
Will    .....        (no ring)
Stlth   ++           (no ring)
HPRegen 0.28/turn    (no ring)
MPRegen 0.10/turn    (no ring)
                     (no ring)

%: no passive effects
@: held
A: almost no armour, amphibious, 8 rings, camouflage 1, gelatinous body 1,
(nimble swimmer 1), tentacles
a: Renounce Religion, Potion Petition, Call Merchant, Bribe Branch


You were on level 5 of the Dungeon.
You worshipped Gozag.
Gozag was aware of your devotion.
You visited 2 branches of the dungeon, and saw 6 of its levels.

You collected 283 gold pieces.

Inventory:

Hand Weapons
 a - a +0 short sword
 g - a +2 short sword of speed (weapon)
 x - a +0 morningstar
Missiles
 l - 3 curare-tipped darts (quivered)
 w - a boomerang
Armour
 c - an orb of light
Jewellery
 t - a +6 ring of intelligence (left tentacle)
 y - a +6 ring of dexterity
Scrolls
 h - a scroll of acquirement {unknown}
 m - a scroll of fear {unknown}
 n - a scroll of amnesia {unknown}
 p - a scroll of noise {unknown}
 q - a scroll of fog
 u - a scroll of enchant weapon {unknown}
 z - a scroll of teleportation
Potions
 b - 2 potions of ambrosia
 d - a potion of haste
 f - 2 potions of brilliance
 i - 2 potions of attraction
 j - a potion of might
 k - a potion of flight {unknown}
 r - a potion of magic {unknown}
 s - a potion of curing
 v - a potion of heal wounds
 A - a potion of berserk rage {unknown}


   Skills:
 + Level 5.8 Fighting
 + Level 5.7 Short Blades
 + Level 5.8 Dodging


You had 5 spell levels left.
You knew the following spells:

 Your Spells              Type           Power      Damage    Failure   Level
a - Sandblast             Erth           0%         2d4       19%         1

Your spell library contained the following spells:

 Spells                   Type           Power      Damage    Failure   Level
 Passwall                 Tmut/Erth      0%         N/A       28%         2
 Stone Arrow              Conj/Erth      0%         3d7       50%         3
 Lehudib's Crystal Spear  Conj/Erth      0%         10d2      100%        8
 Animate Armour           Summ/Erth      Unusable   N/A       N/A         4

Dungeon Overview and Level Annotations

Branches:
Dungeon (5/15)             Temple (1/1) D:4

Altars:
Ashenzari
Cheibriados
Dithmenos
Elyvilon
Gozag
Hepliaklqana
Kikubaaqudgha
Nemelex Xobeh
Okawaru
Ru
Uskayaw
Wu Jian
Yredelemnul
Zin
The Shining One


Innate Abilities, Weirdness & Mutations

You cannot wear most types of armour.
You are amphibious.
You can wear up to eight rings at the same time.
Your skin changes colour to match your surroundings (Stealth+).
Your rubbery body absorbs attacks. (AC +1, EV +1)
((You are camouflaged when in or above water. (Stealth+)))
You have tentacles for arms and can constrict up to eight enemies at once.


Message History

Aiming: Sandblast (safe; 19% risk of failure)
Press: ? - help, Shift-Dir - straight line, f - gnoll sergeant
Aim: a gnoll sergeant, wielding a +0 trident and wearing a +0 scale mail (heavily wounded, constricted by you, 100% to hit)
The blast of sand hits the gnoll sergeant but does no damage.
The gnoll sergeant is heavily wounded.
You constrict the gnoll sergeant, but do no damage.
The gnoll hits you from afar with a +0 spear.
The gnoll sergeant hits you with a +0 trident!
Casting: Sandblast (safe; 19% risk of failure)
Confirm with . or Enter, or press ? or * to list all spells.
Aiming: Sandblast (safe; 19% risk of failure)
Press: ? - help, Shift-Dir - straight line, f - gnoll, p - gnoll sergeant
Aim: a gnoll, wielding a +0 spear and quivering a throwing net (83% to hit)
The blast of sand hits the gnoll.
The gnoll is moderately wounded.
You constrict the gnoll sergeant. The gnoll barely misses you.
The gnoll sergeant hits you with a +0 trident!
A gnoll bouda comes into view. It is wielding a +0 club.
The gnoll sergeant closely misses you.
The gnoll hits you from afar with a +0 spear.
The gnoll throws a throwing net.
The throwing net hits you.
You become entangled in the net!
A gnoll comes into view. It is wielding a +0 club.
The gnoll bouda moves out of view.
Casting: Sandblast (safe; 19% risk of failure)
Confirm with . or Enter, or press ? or * to list all spells.
Aiming: Sandblast (safe; 19% risk of failure)
Press: ? - help, Shift-Dir - straight line, f/p - gnoll
Aim: a gnoll, wielding a +0 spear (moderately wounded, 83% to hit)
Okay, then.
You struggle against the net.
You constrict the gnoll sergeant.
The gnoll sergeant hits you with a +0 trident!
* * * LOW HITPOINT WARNING * * *
The gnoll hits you from afar with a +0 spear!
* * * LOW HITPOINT WARNING * * *
The gnoll barely misses you.
You tear a large gash into the net.
You constrict the gnoll sergeant.
The gnoll hits you from afar with a +0 spear!
You die...
Your body crumbles into a pile of gold.

....................
................#...
#...#..........##..
#..###........#... $
#g.............!.
##..#....>.......# .
##..#.....#........
..g.##...#.....#........
#..gg.@......##........
##..g.g.......#........
#.........#..#......#.
#...###..#.##......[##.
#.... #..#.......... ..
.... ...#.......... ##
..# ........#... ..
(..#....#


You could see a gnoll sergeant, a gnoll bouda and 4 gnolls.

Vanquished Creatures
  Sigmund (D:2)
  Menkaure (D:4)
  3 scorpions
  An orc priest (D:4)
  2 hounds
  A sleepcap (D:5)
  3 orc wizards
  6 adders
  A white imp (D:5)
  A worm (D:4)
  3 dart slugs
  17 orcs
  3 endoplasms
  5 giant cockroaches
  8 goblins
  3 hobgoblins
  7 jackals
  3 quokkas (D:1)
  7 ball pythons
  9 bats
  3 frilled lizards
  6 kobolds
  6 rats
100 creatures vanquished.

Notes
Turn   | Place    | Note
-------+----------+-------------------------------------------
     0 | D:1      | croobank the Octopode Monk began the quest for the Orb.
     0 | D:1      | Reached XP level 1. HP: 16/16 MP: 1/1
    89 | D:1      | Reached XP level 2. HP: 17/21 MP: 2/2
   498 | D:1      | Reached XP level 3. HP: 26/26 MP: 3/3
   993 | D:2      | Noticed Sigmund
  1007 | D:2      | Killed Sigmund
  1008 | D:2      | Reached XP level 4. HP: 21/34 MP: 4/4
  1008 | D:2      | Reached XP level 5. HP: 23/38 MP: 5/5
  1222 | D:2      | Reached XP level 6. HP: 44/44 MP: 6/6
  1356 | D:2      | Found a sparkling altar of Nemelex Xobeh.
  2263 | D:4      | Reached skill level 5 in Fighting
  2263 | D:4      | Reached skill level 5 in Dodging
  2366 | D:5      | Entered Level 5 of the Dungeon
  2368 | D:5      | Found a shadowy altar of Dithmenos.
  2394 | D:3      | Reached XP level 7. HP: 50/50 MP: 7/7
  2411 | D:3      | Reached skill level 5 in Short Blades
  2507 | D:3      | Found a hide-covered altar of Uskayaw.
  2933 | D:4      | Learned a level 1 spell: Sandblast
  2986 | D:4      | Found a staircase to the Ecumenical Temple.
  3011 | Temple   | Entered the Ecumenical Temple
  3052 | Temple   | Became a worshipper of Gozag Ym Sagoz the Greedy
  3252 | D:4      | Noticed Menkaure
  3261 | D:4      | Killed Menkaure
  3760 | D:5      | Slain by a gnoll

Illustrated notes

Levels and vault maps discovered:
D:1:      minmay_arrival_cross, layout_loops_ring
D:2:      layout_basic, basic_altar, uniq_sigmund
D:3:      layout_rooms, nicolae_uskayaw_dance_hall
D:4:      layout_basic, minmay_temple_entry_poolview, serial_bayou_lagoon_a,
          uniq_menkaure
D:5:      layout_cave_pools, nicolae_dithmenos_through_a_glass_darkly,
          serial_gnoll_camp, gnoll_camp_mini_hut, gnoll_camp_medium_01,
          gnoll_camp_huts_basic, gnoll_camp_mini_hut,
          minmay_misc_feat_four_crosses
Temple:   nicolae_temple_ecumenical_triangle

Skill      XL: |  1  2  3  4  5  6  7 |
---------------+----------------------+-----
Fighting       | 4 5 |  5.8
Short Blades   | 4 5 |  5.7
Dodging        | 4 5 |  5.8

Action                     |  1- 3 |  4- 6 |  7- 9 || total
---------------------------+-------+-------+-------++-------
  Melee: Short sword       |    78 |    81 |   100 ||   259
         Tentacles         |    17 |    17 |    29 ||    63
         Constrict         |    16 |    21 |    24 ||    61
         Punch             |       |     2 |       ||     2
  Throw: Dart              |       |     2 |       ||     2
         Throwing net      |       |     1 |       ||     1
   Cast: Sandblast         |       |       |     7 ||     7
    Use: Scroll            |     4 |     5 |     2 ||    11
         Potion            |     2 |       |       ||     2
   Stab: Sleeping          |     9 |     4 |     4 ||    17
         Distracted        |       |       |     2 ||     2
 Armour: Skin              |     2 |     2 |     1 ||     5
  Dodge: Dodged            |    56 |    44 |    36 ||   136
